cohdb
Replays
Latest Replays
All Replays
Popular Replays
Top Player Replays
Match Explorer
How It Works
Community
CoH3 Stats
Reddit
Sign in to upload your games and track your stats! →
Sign in with Steam
Match 43752128
Unlisted
Match 43752128
Overview
Messages
Build Orders
End
Royal Engineer Section
Construct Section Command Post
Selects Canadian Shock Battlegroup
Vickers Machine Gun Team
ML 3-inch Mortar Team
Construct Field Infirmary
Selects Offensive Resupply
Selects Canadian Shock Section
Canadian Shock Section
Canadian Shock Section
Construct Platoon Command Post
Selects Incendiary Munitions
CMP 15cwt Truck
Canadian Shock Section
Infantry Training
Canadian Shock Section
Selects Pyrotechnics
Construct Company Command Post
Unlock M3 Grant Medium Tanks
Selects Demolition Engineering
Demolition Engineering
Suweren
Wolf
1204346298
[ALKI] billy99
Gremchick
Граф Гематоген
0
0
Comments
sign in to comment!
No comments posted yet!